 Dungeon Crawl Stone Soup version 0.31-a0-1555-g5715333c33 (webtiles) character file.

Game seed: 885207838259204611

42775 James the Impaler (level 14, 0/110 HPs)
             Began as a Formicid Fighter on Jan 3, 2024.
             Was a High Priest of the Shining One.
             Slain by a 12-headed hydra (6 damage)
             ... on level 4 of the Lair of Beasts.
             The game lasted 01:11:36 (19079 turns).

James the Impaler (Formicid Fighter)               Turns: 19079, Time: 01:11:37

Health: 0/110      AC: 16    Str: 28    XL:     14   Next: 57%
Magic:  22/22      EV: 14    Int:  8    God:    the Shining One [*****.]
Gold:   1044       SH:  6    Dex: 19    Spells: 13/13 levels left

rFire   + + .        m - +7 glaive of Bile {freeze, ^Drain rF+ Str+2}
rCold   . . .        c - +0 buckler
rNeg    + + .        I - +3 ring mail {rF+}
rPois   +            (helmet unavailable)
rElec   .            L - +2 cloak
rCorr   .            V - +0 pair of gloves
SInv    +            h - +0 pair of boots
Will    +....        (no amulet)
Stlth   +            b - ring of poison resistance
HPRegen 0.38/turn    r - +6 ring of dexterity
MPRegen 0.18/turn

%: no passive effects
@: glowing
A: permanent stasis, dig shafts and tunnels, antennae 3, four strong arms
a: Dig, Shaft Self, Renounce Religion, Divine Shield, Cleansing Flame, Summon
Divine Warrior


You were on level 4 of the Lair of Beasts.
You worshipped the Shining One.
The Shining One was extremely pleased with you.
You visited 2 branches of the dungeon, and saw 15 of its levels.
You also visited: Sewer and Volcano.

You collected 1148 gold pieces.
You spent 104 gold pieces at shops.

Inventory:

Hand Weapons
 m - the +7 glaive of Bile (weapon) {freeze, ^Drain rF+ Str+2}
   (You acquired it on level 7 of the Dungeon)

   Str+2:     It affects your strength (+2).
   rF+:       It protects you from fire.
   ^Drain:    It drains your maximum health when unequipped.
Missiles
 e - 11 poisoned darts
 s - 6 javelins
 H - 6 silver javelins
 J - 12 boomerangs
 O - a curare-tipped dart (quivered) {!f}
 Q - 7 atropa-tipped darts
 T - a throwing net {!f}
Armour
 c - a +0 buckler (worn)
 f - +0 fire dragon scales
   (You found it in a volcano)
 h - a +0 pair of boots (worn)
   (You found it on level 2 of the Lair of Beasts)
 B - +0 steam dragon scales
   (You found it on level 9 of the Dungeon)
 C - a +0 plate armour
   (You found it on level 9 of the Dungeon)
 D - a +0 troll leather armour
   (You found it on level 9 of the Dungeon)
 I - a +3 ring mail of fire resistance (worn)
   (You took it off an orc on level 3 of the Dungeon)
 L - a +2 cloak (worn)
   (You found it on level 2 of the Lair of Beasts)
 V - a +0 pair of gloves (worn)
   (You found it on level 8 of the Dungeon)
 W - the +3 scale mail "Fogoov" {Harm rC+ rN+}
   (You found it on level 3 of the Lair of Beasts)

   rC+:       It protects you from cold.
   rN+:       It protects you from negative energy.
   Harm:      It increases damage dealt and taken.
Magical Staves
 w - a staff of air
   (You took it off a kobold on level 2 of the Dungeon)
Jewellery
 b - a ring of poison resistance (left hand)
   (You found it on level 1 of the Lair of Beasts)
 l - a ring of resist corrosion
   (You found it on level 1 of the Dungeon)
 o - a ring of protection from cold
   (You found it on level 5 of the Dungeon)
 r - a +6 ring of dexterity (right hand)
   (You found it on level 2 of the Dungeon)
Wands
 d - a wand of iceblast (20)
   (You found it on level 5 of the Dungeon)
 t - a wand of flame (53)
   (You found it on level 4 of the Dungeon)
 v - a wand of digging (5)
   (You found it on level 9 of the Dungeon)
 G - a wand of mindburst (16)
   (You found it on level 8 of the Dungeon)
 Z - a wand of charming (15)
   (You found it on level 5 of the Dungeon)
Scrolls
 g - 3 scrolls of fog
 E - 2 scrolls of enchant armour
 F - a scroll of vulnerability {!r}
 K - 5 scrolls of immolation {!r}
Potions
 i - 4 potions of curing {@q1}
 j - a potion of invisibility {unknown}
 k - 2 potions of attraction {!q}
 n - 3 potions of enlightenment
 q - a potion of magic
 z - 6 potions of brilliance
 A - 3 potions of resistance
 P - 2 potions of mutation {!q}
 S - a potion of lignification {!q}
 X - 5 potions of might
 Y - 6 potions of heal wounds {@q2}
Miscellaneous
 u - a lightning rod (4/4) {!a}
   (You found it on level 2 of the Lair of Beasts)
 y - a box of beasts
   (You found it on level 1 of the Lair of Beasts)


   Skills:
 - Level 10.0 Fighting
 * Level 17.6 Polearms
 - Level 10.0 Armour
 - Level 5.0 Dodging
 - Level 6.0 Shields
 + Level 11.8 Invocations


You had 13 spell levels left.
You didn't know any spells.
Your spell library contained the following spells:

 Spells                   Type           Power      Damage    Failure   Level
 Freeze                   Ice            0%         1d3       56%         1
 Necrotise                Necr           0%         1d4       56%         1
 Ensorcelled Hibernation  Hex/Ice        0%         N/A       71%         2
 Lesser Beckoning         Tloc           0%         N/A       71%         2
 Mercury Vapours          Alch/Air       0%         N/A       71%         2
 Momentum Strike          Conj/Tloc      0%         3d8       71%         2
 Confusing Touch          Hex            0%         N/A       90%         3
 Frozen Ramparts          Ice            0%         1d1       90%         3
 Gell's Gravitas          Tloc           0%         N/A       90%         3
 Hailstorm                Conj/Ice       0%         3d5       90%         3
 Inner Flame              Hex/Fire       0%         N/A       90%         3
 Mephitic Cloud           Conj/Alch/Air  0%         N/A       90%         3
 Teleport Other           Tloc           0%         N/A       90%         3
 Tukima's Dance           Hex            0%         N/A       90%         3
 Cause Fear               Hex            0%         N/A       100%        4
 Dimensional Bullseye     Hex/Tloc       0%         N/A       100%        4
 Flame Wave               Conj/Fire      0%         2d4       100%        4
 Iskenderun's Mystic Bla  Conj/Tloc      0%         2d3       100%        4
 Passage of Golubria      Tloc           0%         N/A       100%        4
 Sticky Flame             Fire/Alch      0%         2d4       100%        4
 Fireball                 Conj/Fire      0%         3d3       100%        5
 Freezing Cloud           Conj/Ice/Air   0%         6-21      100%        5
 Silence                  Hex/Air        0%         N/A       100%        5
 Lehudib's Crystal Spear  Conj/Erth      0%         10d2      100%        8
 Dragon's Call            Summ           0%         N/A       100%        9


Dungeon Overview and Level Annotations

Branches:
Dungeon (11/15)            Temple (0/1) D:7            Lair (4/5) D:9
 Shoals (0/4) Lair:2       Spider (0/4) Lair:2        Slime (0/5) Lair:4
  Sewer (visited)         Volcano (visited)
    Orc: D:9-12

Altars:
Cheibriados
Elyvilon
Makhleb
Nemelex Xobeh
Ru
Xom
Yredelemnul
Zin
The Shining One
Jiyva

Shops:
D:4 ?   D:6 *   D:11 =

Annotations:
D:10 2 transporters, megamayne420's ghost, novice HOMo
D:11 1 exclusion
Lair:3 3 runed translucent doors, TheWayOfAllFlesh's ghost, journeyman DrSh


Innate Abilities, Weirdness & Mutations

You cannot be hasted, slowed, berserked, paralysed or teleported.
You can dig through walls and to a lower floor.
You have a pair of large antennae on your head. (SInv)
Your four strong arms can wield two-handed weapons with a shield.


Message History

The five-headed hydra grows two more!
You slash the seven-headed hydra!
The seven-headed hydra seems to slow down.
You freeze the seven-headed hydra.
You lop one of the seven-headed hydra's heads off!
The six-headed hydra grows two more!
You slice the eight-headed hydra!! You freeze the eight-headed hydra.
You lop one of the eight-headed hydra's heads off!
The seven-headed hydra grows two more!
You slash the nine-headed hydra! You freeze the nine-headed hydra.
The nine-headed hydra is no longer moving slowly.
You block the nine-headed hydra's attack.
The nine-headed hydra bites you but does no damage.
The nine-headed hydra misses you. The nine-headed hydra bites you. x2
The nine-headed hydra misses you. The nine-headed hydra bites you.
The nine-headed hydra completely misses you.
The nine-headed hydra closely misses you.
You hack one of the nine-headed hydra's heads off!
The eight-headed hydra grows two more!
You slash the ten-headed hydra! You freeze the ten-headed hydra.
You lop one of the ten-headed hydra's heads off!
The nine-headed hydra grows two more!
You slice the 11-headed hydra!!
The 11-headed hydra seems to slow down.
You freeze the 11-headed hydra. The 11-headed hydra bites you!
The 11-headed hydra closely misses you. The 11-headed hydra misses you.
The 11-headed hydra bites you! The 11-headed hydra bites you.
You block the 11-headed hydra's attack.
The 11-headed hydra bites you but does no damage.
The 11-headed hydra bites you.
The 11-headed hydra bites you but does no damage.
The 11-headed hydra bites you! x2
You lop one of the 11-headed hydra's heads off!
The ten-headed hydra grows two more!
You hit the 12-headed hydra.
The 12-headed hydra seems to slow down.
You freeze the 12-headed hydra. The 12-headed hydra misses you.
The 12-headed hydra closely misses you. The 12-headed hydra bites you!
* * * LOW HITPOINT WARNING * * *
The 12-headed hydra bites you!
* * * LOW HITPOINT WARNING * * *
The 12-headed hydra bites you!
* * * LOW HITPOINT WARNING * * *
The 12-headed hydra bites you.
* * * LOW HITPOINT WARNING * * *
The 12-headed hydra bites you but does no damage.
The 12-headed hydra bites you.
* * * LOW HITPOINT WARNING * * *
The 12-headed hydra bites you!
* * * LOW HITPOINT WARNING * * *
The 12-headed hydra bites you!
* * * LOW HITPOINT WARNING * * *
The 12-headed hydra bites you.
You die...

....#...#*.P...############# *,,
....#..#*,.#..#########.####***,,
#..#.P.###...########.......,,,,,
#............#P.#####..,,,,,***,,
.......#..............,,,,*,* **,
†.....###.###..#....##*,*,,,****,
#......<...#..##.....#*.#.,,,,**,
...#.####..##.##D...##....,,,,*,,
###### ##.##...!@._...$...,,,,,,,
...#.###..........>.....#,,,,,*#*
.<......................#,,,,***.
#..##.##...#...#.....#...#,,,,,,,
########.......##.).##*.##,,,,#.#
.#.,** ##......#....#,*,.,,,,..##
...,,* #.............,,*,*,.....
.##,,* #.#P.......####,***>.....
##,,** #.###.....##########...#.


You could see a 12-headed hydra (slow).

Vanquished Creatures
  Snorg (D:11)
  3 hydras
  A catoblepas (D:11)
  A two-headed ogre (D:9)
  Urug (Lair:1)
  3 skeletal warriors (Volcano)
  A skyshark (Lair:2)
  Pikel (D:5)
  A manticore (D:11)
  A merfolk siren (Lair:2)
  3 alligator skeletons (Volcano)
  6 elephants
  A torpor snail (Lair:3)
  5 gargoyles
  15 cane toads
  2 rime drakes
  13 komodo dragons
  Jeremiah (D:6)
  3 kobold demonologists
  A polar bear (Lair:4)
  4 trolls
  A harpy skeleton (Volcano)
  A hornet (D:7)
  15 blink frogs
  2 slime creatures (Lair:4)
  The ghost of WasteTime4 the Insei, an amateur OpSh of Sif Muna (D:3)
  2 wraiths
  A shadow (D:9)
  6 wyverns
  A water elemental (D:11)
  45 yaks
  A vampire (D:11)
  6 basilisks
  2 redbacks (Lair:2)
  3 steam dragons
  An acid dragon (D:11)
  18 water moccasins
  3 orc warriors
  2 laughing skulls (Volcano)
  A black bear (D:6)
  2 ice beasts
  2 ogres (D:5)
  A centaur (D:6)
  6 wolves (Lair:2)
  3 lemures (D:5)
  A weeping skull (Volcano)
  15 bullfrogs
  2 kobold brigands
  10 wights
  4 killer bees (D:10)
  A spriggan skeleton (Volcano)
  A troll skeleton (Volcano)
  5 electric eels
  2 howler monkeys (D:9)
  A bombardier beetle (D:6)
  3 jellies
  Crazy Yiuf (D:6)
  2 gnoll boudas
  12 orc priests
  2 iguanas (D:4)
  A sleepcap (D:5)
  18 orc wizards
  14 gnolls
  5 adders
  3 river rats
  4 shadow imps (D:7)
  2 ufetubi (D:7)
  10 dart slugs
  5 ribbon worms
  57 orcs
  13 ball pythons
  7 endoplasms
  7 giant cockroaches
  12 hobgoblins
  8 jackals
  13 kobolds
  3 quokkas
  5 bats
  6 frilled lizards
  7 goblins
  6 rats
  2 butterflies
464 creatures vanquished.

Notes
Turn   | Place    | Note
-------+----------+-------------------------------------------
     0 | D:1      | James the Formicid Fighter began the quest for the Orb.
     0 | D:1      | Reached XP level 1. HP: 18/18 MP: 1/1
    70 | D:1      | Reached XP level 2. HP: 24/24 MP: 2/2
    91 | D:1      | Reached skill level 3 in Polearms
   255 | D:1      | Reached XP level 3. HP: 29/29 MP: 3/3
   562 | D:1      | Reached skill level 4 in Polearms
   562 | D:1      | Reached XP level 4. HP: 33/35 MP: 4/4
   576 | D:1      | Found a faded altar of an unknown god.
  1051 | D:2      | Reached XP level 5. HP: 5/41 MP: 5/5
  1622 | D:3      | Found a glowing drain.
  1638 | D:3      | Reached skill level 5 in Polearms
  1721 | Sewer    | Entered a sewer
  1918 | Sewer    | Noticed a kobold brigand
  1930 | Sewer    | HP: 2/42 [kobold brigand/+0 dagger (5)]
  1933 | Sewer    | Killed a kobold brigand
  1934 | Sewer    | Reached skill level 1 in Dodging
  1934 | Sewer    | Reached XP level 6. HP: 3/48 MP: 6/6
  2120 | Sewer    | Found a white marble altar of Elyvilon.
  2177 | D:3      | Found a sacrificial altar of Ru.
  2614 | D:3      | Found a runed translucent door.
  2614 | D:3      | Noticed WasteTime4's ghost (amateur OpSh)
  2655 | D:3      | Found a sparkling altar of Nemelex Xobeh.
  2837 | D:4      | Found a snail-covered altar of Cheibriados.
  2950 | D:4      | Found a burning altar of Makhleb.
  3017 | D:4      | Found Cetugex's Magic Scroll Shop.
  3236 | D:4      | Reached XP level 7. HP: 54/54 MP: 7/7
  3610 | D:5      | Entered Level 5 of the Dungeon
  3700 | D:5      | Reached skill level 6 in Polearms
  4100 | D:5      | Found a glowing golden altar of the Shining One.
  4107 | D:5      | Became a worshipper of the Shining One
  4118 | D:5      | Noticed a water moccasin
  4138 | D:5      | Killed a water moccasin
  4139 | D:5      | Reached skill level 7 in Polearms
  4359 | D:5      | Reached XP level 8. HP: 42/60 MP: 8/8
  4480 | D:5      | Found a white marble altar of Elyvilon.
  4608 | D:6      | Found Uwoniode's General Store.
  4614 | D:6      | Noticed Pikel
  4657 | D:6      | Noticed Jeremiah
  4913 | D:5      | Killed Pikel
  4914 | D:5      | Reached skill level 8 in Polearms
  5072 | D:6      | Got Uhylagos's Tome of Vehement Malignant Arts
  5095 | D:6      | Reached skill level 5 in Fighting
  5095 | D:6      | Reached skill level 5 in Armour
  5095 | D:6      | Reached XP level 9. HP: 64/68 MP: 9/9
  5308 | D:6      | HP: 3/62 [Jeremiah/divine providence (12)]
  5318 | D:6      | Killed Jeremiah
  5319 | D:6      | Reached skill level 9 in Polearms
  5490 | D:6      | Bought a scroll of brand weapon for 104 gold pieces
  5733 | D:6      | Reached skill level 5 in Shields
  5863 | D:6      | Found a runed translucent door.
  5864 | D:6      | Noticed Crazy Yiuf
  6202 | D:7      | Noticed a hornet
  6222 | D:7      | Killed a hornet
  6427 | D:7      | Reached skill level 10 in Polearms
  6445 | D:7      | Reached XP level 10. HP: 75/76 MP: 10/10
  6549 | D:7      | Found a staircase to the Ecumenical Temple.
  6791 | D:7      | Found a basalt altar of Yredelemnul.
  6825 | D:7      | Reached * piety under the Shining One
  6992 | D:7      | Found a transporter.
  6998 | D:7      | Noticed a kobold demonologist
  7004 | D:7      | Noticed a kobold demonologist
  7021 | D:7      | Found a transporter.
  7044 | D:7      | Identified a scroll of acquirement
  7044 | D:7      | Acquired the +7 glaive of Bile {freeze, ^Drain rF+ Str+2}
  7164 | D:7      | Reached ** piety under the Shining One
  8315 | D:9      | Reached skill level 5 in Dodging
  8343 | D:9      | Reached skill level 11 in Polearms
  8420 | D:9      | Noticed a two-headed ogre
  8429 | D:9      | Killed a two-headed ogre
  8445 | D:9      | Reached XP level 11. HP: 82/84 MP: 11/11
  8453 | D:9      | Reached skill level 12 in Polearms
  8766 | D:9      | Found a staircase to the Lair.
  8814 | D:9      | Reached skill level 13 in Polearms
  9466 | D:10     | Entered Level 10 of the Dungeon
  9550 | D:10     | Reached *** piety under the Shining One
  9933 | D:10     | Noticed megamayne420's ghost (novice HOMo)
  9934 | D:10     | Found a transporter.
  9950 | D:10     | Found a transporter.
  9985 | D:10     | Reached skill level 1 in Invocations
 10039 | D:10     | Found a shimmering altar of Xom.
 10039 | D:10     | Noticed an angel
 10041 | D:10     | Found a glowing silver altar of Zin.
 10518 | D:11     | Noticed a catoblepas
 10528 | D:11     | Killed a catoblepas
 10666 | D:11     | Noticed a manticore
 10670 | D:11     | Killed a manticore
 10930 | D:11     | Reached skill level 14 in Polearms
 11028 | D:11     | Noticed Snorg
 11044 | D:11     | Killed Snorg
 11045 | D:11     | Reached skill level 5 in Invocations
 11473 | D:11     | Reached XP level 12. HP: 90/91 MP: 14/16
 12103 | D:11     | Found Bybaegos's Jewellery Emporium.
 12380 | D:3      | Killed WasteTime4's ghost
 12498 | D:6      | Killed Crazy Yiuf
 12630 | D:7      | Reached **** piety under the Shining One
 12895 | Lair:1   | Entered Level 1 of the Lair of Beasts
 13005 | Lair:1   | Noticed Urug
 13108 | D:9      | Reached skill level 15 in Polearms
 13275 | Lair:1   | Killed Urug
 13720 | Lair:1   | Got the Opusculum on Hexes
 14167 | Lair:2   | Noticed a skyshark
 14297 | Lair:2   | Reached XP level 13. HP: 96/96 MP: 20/20
 14797 | Lair:2   | Reached skill level 16 in Polearms
 14813 | Lair:2   | Found a staircase to the Shoals.
 14903 | Lair:2   | Found a hole to the Spider Nest.
 14942 | Lair:2   | Reached ***** piety under the Shining One
 14955 | Lair:2   | Reached skill level 10 in Invocations
 15485 | Lair:2   | Identified the maw talisman of Viymaok {rF+ Will+ Str+2
                  | Dex+3}
 16171 | Lair:3   | Found a runed translucent gate.
 16172 | Lair:3   | Found a runed translucent gate.
 16172 | Lair:3   | Noticed TheWayOfAllFlesh's ghost (journeyman DrSh)
 16173 | Lair:3   | Found a runed translucent gate.
 16666 | Lair:3   | Noticed a four-headed hydra
 16676 | Lair:3   | Killed a 13-headed hydra
 16677 | Lair:3   | Noticed a five-headed hydra
 16679 | Lair:3   | Reached XP level 14. HP: 65/108 MP: 22/22
 16896 | Lair:3   | Identified the +3 scale mail "Fogoov" {Harm rC+ rN+}
 16944 | Lair:3   | Identified the +1 leather armour of the Original Sin {Will-
                  | Int+4}
 17328 | Lair:3   | Reached skill level 17 in Polearms
 18016 | Lair:4   | Found a dark tunnel.
 18088 | Volcano  | Entered a volcano
 18961 | Lair:4   | Found a staircase to the Slime Pits.
 18961 | Lair:4   | Found a viscous altar of Jiyva.
 18967 | Lair:4   | Reached skill level 10 in Armour
 18975 | Lair:4   | Reached skill level 10 in Fighting
 19079 | Lair:4   | Slain by a 12-headed hydra

Illustrated notes

Levels and vault maps discovered:
D:1:      dpeg_arrival_windows_large_door, layout_rooms,
          chequers_ecumenical_altar_island
D:2:      layout_rooms, minivault_23
D:3:      layout_rooms, nemelex_spade_bored_becter, overflow_temple_1_default,
          ebering_ghost_inner_flame, cheibrodos_sewer_entry_sluice,
          kennysheep_nondescript
D:4:      layout_loops_ring, mainiacjoe_overflow_large_starburst, serial_shops,
          nicolae_take_the_stairs, wad_floor_pattern_untrapped
D:5:      layout_cave_pools, elyvilon_altar_5, tso_altar
D:6:      layout_rooms, serial_shops, shop_statue, uniq_jeremiah,
          uniq_crazy_yiuf_cottage, uniq_pikel
D:7:      gammafunk_wand_slinger, layout_rooms, yredelemnul_altar_generic,
          minmay_temple_entry_fiery, grunt_ministairs_6
D:8:      layout_gridville
D:9:      layout_layer_cave, david_lair_shrubbed, minmay_chambers_of_fives
D:10:     layout_loops_ring, grunt_temple_overflow_order_and_chaos_1,
          gammafunk_ghost_stat_death, serial_bayou_pond_c, minmay_holes
D:11:     layout_basic, serial_shops, nicolae_shop_behind_doors, uniq_snorg
Lair:1:   layout_long_grid, infiniplex_staircase_pool, lemuel_fruit_fields,
          grunt_megastairs_2, lemuel_fruit_tree, uniq_urug
Lair:2:   layout_cave_pods, elwin_shoals_entry_rooms, spider_nest_entry_webs,
          nzn_random_ring
Lair:3:   layout_cave_pods, gammafunk_ghost_split, st_stairs_8,
          minmay_hedge_maze, ldierk_geyser, hangedman_lair_generics_rect
Lair:4:   layout_loops_ring, minmay_slime_entry_pillars, enter_volcano_2,
          grunt_megastairs_1

Skill      XL: |  1  2  3  4  5  6  7  8  9 10 11 12 13 14 |
---------------+-------------------------------------------+-----
Polearms       | 3 4 5 7 8 10 11 14 15 16 17 | 17.6
Dodging        | 1 2 3 4 5 |  5.0
Fighting       | 4 5 6 7 9 10 | 10.0
Armour         | 4 5 6 7 9 10 | 10.0
Shields        | 5 6 |  6.0
Invocations    | 5 9 10 11 | 11.8

Action                     |  1- 3 |  4- 6 |  7- 9 | 10-12 | 13-15 || total
---------------------------+-------+-------+-------+-------+-------++-------
  Melee: Trident           |    84 |   312 |   297 |   324 |       ||  1017
         Glaive            |       |       |       |   214 |   353 ||   567
  Throw: Dart              |       |       |    11 |     9 |       ||    20
  Evoke: Wand              |       |       |       |     4 |       ||     4
    Use: Scroll            |       |    10 |     4 |     4 |     5 ||    23
         Potion            |       |     1 |     5 |       |       ||     6
   Stab: Sleeping          |       |       |     1 |       |       ||     1
 Armour: Scale mail        |    38 |    52 |       |       |       ||    90
         Leather armour    |       |    50 |       |       |       ||    50
         Ring mail         |       |    55 |   138 |   199 |   207 ||   599
  Dodge: Dodged            |    27 |   115 |   102 |   198 |   159 ||   601
  Block: Buckler           |    18 |    60 |    53 |    88 |    73 ||   292

Table legend: (Time is in decaauts)
 A = Elapsed time spent in this place.
 B = Non-inter-level travel time spent in this place.
 C = Inter-level travel time spent in this place.
 D = Time resting spent in this place.
 E = Time spent auto-exploring this place.
 F = Levels seen in this place.
 G = Mean time per level.
                   A        B        C        D        E       F      G
               +--------+--------+--------+--------+--------+-----+--------+
         Total |  19071 |  17579 |   1492 |   4483 |   7365 |  17 | 1121.8 |
       Dungeon |  12708 |  11551 |   1157 |   2609 |   5101 |  11 | 1155.3 |
          Lair |   5245 |   4910 |    335 |   1279 |   2210 |   4 | 1311.2 |
         Sewer |    477 |    477 |      0 |    244 |     31 |   1 |  477.0 |
       Volcano |    639 |    639 |      0 |    351 |     22 |   1 |  639.0 |
               +--------+--------+--------+--------+--------+-----+--------+

Top non-repeatable levels by time:
  Lair:2: 1966 daAuts
     D:9: 1795 daAuts
    D:11: 1684 daAuts
  Lair:3: 1615 daAuts
     D:5: 1414 daAuts
     D:7: 1324 daAuts
     D:6: 1223 daAuts
  Lair:1: 1155 daAuts
    D:10: 1107 daAuts
     D:1: 947 daAuts
     D:4: 911 daAuts
     D:8: 801 daAuts
     D:3: 754 daAuts
     D:2: 743 daAuts
 Volcano: 639 daAuts
